 Dungeon Crawl Stone Soup version 0.20.0-6-gd3061e9 (webtiles) character file.

155106 skittles the Devastator (level 17, 0/149 HPs)
             Began as a Grey Draconian Fire Elementalist on May 28, 2017.
             Was the Champion of Vehumet.
             Succumbed to poison (poison gas)
             ... on level 2 of the Swamp.
             The game lasted 03:35:01 (39063 turns).

skittles the Devastator (DrFE)                     Turns: 39063, Time: 03:35:02

Health: 0/149      AC: 30    Str: 13    XL:     17   Next: 8%
Magic:  26/35      EV: 17    Int: 23    God:    Vehumet [******]
Gold:   1767       SH:  4    Dex: 11    Spells: 1/44 levels left

rFire    + . .     SeeInvis .   a - +4 demon blade (elec)
rCold    + . .     Gourm    .   C - +0 buckler
rNeg     + . .     Faith    .   (armour unavailable)
rPois    .         Spirit   .   P - +4 hat "Xugesul" {rN+ rCorr}
rElec    .         Reflect  .   o - +0 cloak
rCorr    +         Harm     .   j - +2 pair of gloves of Indecent Exposure {Regen+}
MR       +....                  O - +1 pair of boots
Stlth    ++........             c - amulet of magic regeneration
Regen    0.8/turn               u - +6 ring of protection
MPRegen  0.4/turn               x - ring of protection from cold

@: lethally poisoned (0 -> -15), berserk cooldown, slowed, very slow
A: walk through water, unfitting armour, fire resistance 1, strong 1,
unbreathing, cold-blooded, AC +14
a: Renounce Religion


You were on level 2 of the Swamp.
You worshipped Vehumet.
Vehumet was exalted by your worship.
You were hungry.

You visited 5 branches of the dungeon, and saw 26 of its levels.
You also visited: Sewer, Ossuary and Ice Cave.

You collected 3176 gold pieces.
You spent 1409 gold pieces at shops.

Inventory:

Hand Weapons
 a - a +4 demon blade of electrocution (weapon)
 w - a +3 trident of venom
 N - the +8 rapier "Cikusum" {pierce, rPois rC+ Int+3 Dex+4}
   (You found it on level 2 of the Orcish Mines)

   It inflicts extra damage upon your enemies.
   It affects your intelligence (+3).
   It affects your dexterity (+4).
   It protects you from cold.
   It protects you from poison.
 Q - the +5 dagger "Zuytef" {holy, Dex+5}
   (You found it on level 6 of the Lair of Beasts)

   It has been blessed by the Shining One to cause great damage to the undead
   and demons.
   It affects your dexterity (+5).
 Y - the +2 scimitar of the Philosopher {antimagic, MR++}
   (You took it off an orc warrior on level 11 of the Dungeon)

   It reduces the magical energy of the wielder, and disrupts the spells and
   magical abilities of those hit.
   Natural abilities and divine invocations are not affected.
   It affects your resistance to hostile enchantments.
Missiles
 S - 2 throwing nets (quivered)
Armour
 j - the +2 pair of gloves of Indecent Exposure (worn) {Regen+}
   (You found it on level 12 of the Dungeon)

   It increases your rate of regeneration.
 o - a +0 cloak (worn)
 C - a +0 buckler (worn)
 O - a +1 pair of boots (worn)
 P - the +4 hat "Xugesul" (worn) {rN+ rCorr}
   (You acquired it on level 2 of the Orcish Mines)

   It protects you from negative energy.
   It protects you from acid and corrosion.
Magical Staves
 b - an uncursed staff of power
Jewellery
 c - an amulet of magic regeneration (around neck)
 r - an uncursed ring of see invisible
 u - a +6 ring of protection (left hand)
 x - a ring of protection from cold (right hand)
 I - an uncursed ring of flight
 M - an uncursed amulet of rage
 V - an uncursed ring of positive energy
Wands
 H - a wand of digging (7/24)
Scrolls
 d - 6 scrolls of identify
 g - 3 scrolls of amnesia
 h - 14 scrolls of remove curse
 k - a scroll of silence {unknown}
 n - a scroll of summoning
 s - 10 scrolls of teleportation
 v - a scroll of magic mapping
 z - 5 scrolls of fear
 A - 8 scrolls of fog
 G - a scroll of recharging
 T - a scroll of blinking
Potions
 e - 5 potions of agility
 i - 12 potions of curing
 p - 4 potions of might
 q - 4 potions of flight
 t - a potion of cancellation
 B - 3 potions of resistance
 D - 3 potions of brilliance
 F - 10 potions of heal wounds
 J - 2 potions of magic
 L - 2 potions of invisibility
 W - a potion of berserk rage
 X - a potion of lignification
Comestibles
 f - 11 meat rations
 l - 4 royal jellies


   Skills:
 - Level 13.0 Fighting
 + Level 12.0 Long Blades
 - Level 10.6 Dodging
 - Level 1.7 Stealth
 - Level 4.0 Shields
 - Level 14.0 Spellcasting
 - Level 16.1 Conjurations
 - Level 6.0 Fire Magic
 + Level 6.3 Earth Magic


You had one spell level left.
You knew the following spells:

 Your Spells              Type           Power        Failure   Level  Hunger
a - Flame Tongue          Conj/Fire      #####        1%          1    None
b - Conjure Flame         Conj/Fire      ######..     1%          3    None
c - Sticky Flame          Conj/Fire      ######..     1%          4    None
d - Searing Ray           Conj           ######       0%          2    None
e - Iskenderun's Mystic   Conj           ######..     1%          4    None
f - Dazzling Spray        Conj/Hex       ######       1%          3    None
g - Lightning Bolt        Conj/Air       ######....   1%          5    ###....
h - Irradiate             Conj/Tmut      ######....   1%          5    ###....
i - Spellforged Servitor  Conj/Summ      ######....   28%         7    ######.
j - Apportation           Tloc           ###...       3%          1    None
k - Lehudib's Crystal Sp  Conj/Erth      ######....   50%         8    #######


Dungeon Overview and Level Annotations

Branches:
Dungeon (15/15)            Temple (1/1) D:5            Lair (6/6) D:9
  Swamp (2/4) Lair:2       Spider (0/4) Lair:4        Slime (0/5) Lair:5
    Orc (2/2) D:10            Elf (0/3) Orc:2        Vaults (0/5) D:13
 Depths (0/5) D:15

Altars:
Cheibriados
Dithmenos
Elyvilon
Gozag
Hepliaklqana
Kikubaaqudgha
Makhleb
Nemelex Xobeh
Okawaru
Qazlal
Ru
Sif Muna
Trog
Uskayaw
Vehumet
Xom
Yredelemnul
Zin
The Shining One
Beogh

Shops:
D:4 *   Orc:1 [   Orc:2 ?%}*

Annotations:
Lair:6 1 runed door
Swamp:2 Kirke


Innate Abilities, Weirdness & Mutations

You can walk through water.
Your dull iron-grey scales are very hard. (AC +14)
You cannot fit into any form of body armour.
You can survive without breathing.
You are cold-blooded and may be slowed by cold attacks.
Your flesh is heat resistant. (rF+)
Your muscles are strong. (Str +2)


Message History

You feel sick.
You feel a strong urge to attack something.
* * * LOW HITPOINT WARNING * * *
You feel very sick.
* * * LOW HITPOINT WARNING * * *
You feel sick.
You feel your anger subside.
* * * LOW HITPOINT WARNING * * *
You feel sick.
You are no longer berserk.
You pass out from exhaustion.
You feel yourself slow down.
* * * LOW HITPOINT WARNING * * *
You feel sick.
* * * LOW HITPOINT WARNING * * *
You feel very sick.
You can move again.
You enter the deep water.
You sink to the bottom.
Moving in this stuff is going to be slow.
You die...

≈...≈≈≈≈.≈≈≈..≈.≈≈..♣ ♣♣.≈≈
♣...≈≈≈..≈...≈♣.≈≈≈.♣ ♣≈.≈≈
♣....[...≈...†..≈≈≈.♣♣♣..≈≈
♣♣.♣♣♣♣♣≈....≈≈..≈≈.≈≈...≈≈
♣.≈♣♣......§≈≈≈≈≈≈≈..≈≈≈≈≈
♣..≈..≈≈≈≈≈≈≈≈≈≈≈≈≈≈≈≈≈≈≈≈
♣.≈≈.<≈≈≈≈.≈..≈≈≈≈≈.≈≈≈≈≈≈
♣.....≈≈§≈..≈≈.......≈≈≈≈≈
♣≈≈≈.≈≈≈≈@..≈≈≈≈≈.≈.≈.....
.≈≈.♣♣♣..≈≈.♣♣.≈≈≈≈≈.≈≈.....
≈≈§♣ ♣♣..≈♣♣≈..§≈≈≈.≈≈≈.≈≈≈
.. ♣..♣♣♣♣♣♣♣≈≈≈§♣♣.≈≈≈≈ .
....♣ ♣♣♣♣♣♣♣♣≈≈≈≈ ≈..≈≈.
♣≈.≈ ♣...≈ ≈.. ..≈.♣


There were no monsters in sight!

Vanquished Creatures
  2 orc warlords
  A frost giant (IceCv)
  A war gargoyle (D:14)
  Nessos (D:13)
  The ghost of Jumanji the Bludgeoner, a journeyman MiFi of the Shining One (Lair:1)
  Azrael (D:13)
  Snorg (Lair:3)
  2 crystal guardians (D:15)
  2 fire dragons (Lair:6)
  Fannar (D:11)
  Josephine (D:11)
  A catoblepas (D:15)
  8 hydras
  A hydra (shapeshifter) (D:15)
  Erica (Lair:2)
  7 centaur warriors
  2 alligators
  10 two-headed ogres
  16 death yaks
  4 orc high priests (Orc:2)
  A deep elf knight (D:12)
  Nergalle (Lair:4)
  A fire crab (Lair:6)
  Sonja (D:13)
  The ghost of Setanta the Carver, a novice GrFi of Okawaru (D:8)
  4 skeletal warriors (D:15)
  A wizard (D:14)
  A glowing orange brain (D:15)
  2 unseen horrors (D:13)
  A flayed ghost (D:13)
  2 swamp dragons
  2 shambling mangroves (Swamp:1)
  7 orc knights
  A lindwurm (Lair:6)
  A necromancer (D:13)
  A harpy (shapeshifter) (D:15)
  An orange crystal statue (D:15)
  4 orc sorcerers (Orc:2)
  4 deep elf magi
  11 ugly things
  7 elephants
  6 cyclopes
  6 black mambas
  Joseph (D:8)
  Maurice (D:8)
  An ice statue (IceCv)
  19 spiny frogs
  12 gargoyles
  5 torpor snails (Lair:6)
  7 rime drakes
  12 komodo dragons
  2 ice devils (Orc:1)
  20 trolls
  A meliai (shapeshifter) (D:15)
  Prince Ribbit (D:8)
  13 polar bears
  2 jumping spiders (Lair:4)
  4 tyrant leeches (Lair:6)
  A harpy skeleton (D:15)
  13 hornets
  A raiju (shapeshifter) (D:15)
  10 hippogriffs
  A bog body (Swamp:1)
  9 slime creatures
  29 blink frogs
  8 dream sheep (Lair:5)
  A spriggan (Swamp:1)
  Sigmund (D:2)
  A vampire (D:13)
  4 redbacks (Lair:4)
  6 fire bats (D:13)
  3 shadows
  51 yaks
  3 wyverns
  3 basilisks
  A hog (Swamp:2)
  2 steam dragons
  12 wraiths
  3 hungry ghosts
  3 fire elementals (D:13)
  The ghost of Mlkhall the Magician, an amateur DsWz (D:3)
  10 wargs
  11 vampire mosquitoes
  4 swamp worms (Swamp:1)
  3 acid dragons
  9 porcupines
  2 hell hounds (D:13)
  7 water moccasins
  58 orc warriors
  5 swamp drakes
  2 ice beasts
  A black bear (shapeshifter) (D:15)
  A hornet zombie (D:13)
  5 sky beasts
  A necrophage (D:14)
  4 phantoms
  18 ogres
  41 wolves
  27 centaurs
  16 crocodiles
  3 big kobolds
  16 bullfrogs
  2 wyvern zombies
  A wyvern skeleton (D:7)
  7 scorpions
  53 killer bees
  5 wights
  7 howler monkeys
  An electric eel (D:9)
  6 crimson imps
  2 bullfrog zombies
  7 centaur zombies
  5 hounds
  5 jellies
  Crazy Yiuf (D:2)
  2 bullfrog skeletons
  8 centaur skeletons
  A gnoll shaman (Orc:1)
  35 orc priests
  22 orc wizards
  5 iguanas
  16 worker ants
  A big kobold zombie (Ossuary)
  4 mummies (Ossuary)
  A hound skeleton (D:11)
  A howler monkey zombie (D:6)
  7 gnolls
  5 adders
  5 oozes
  2 adder skeletons
  6 worms
  3 dart slugs (D:1)
  7 leopard geckos
  158 orcs
  A ball python (D:6)
  19 bats
  10 giant cockroaches
  8 goblins
  4 hobgoblins
  14 jackals
  14 kobolds
  7 quokkas
  2 frilled lizards
  4 hobgoblin zombies (Ossuary)
  A leopard gecko zombie (D:6)
  9 rats
  A plant (Lair:6)
1128 creatures vanquished.

Vanquished Creatures (others)
  A centaur (D:15)
  A gnoll (Orc:1)
  A bush (Lair:6)
  25 fungi
  18 plants
46 creatures vanquished.

Grand Total: 1174 creatures vanquished

Notes
Turn   | Place    | Note
-------+----------+-------------------------------------------
     0 | D:1      | skittles the Draconian Fire Elementalist began the quest for the Orb.
     0 | D:1      | Reached XP level 1. HP: 14/14 MP: 3/3
   308 | D:1      | Reached XP level 2. HP: 18/22 MP: 1/5
   334 | D:1      | Reached skill level 1 in Fighting
   497 | D:1      | Reached skill level 2 in Conjurations
   726 | D:2      | Reached XP level 3. HP: 28/28 MP: 6/6
  1082 | D:2      | Noticed Sigmund
  1136 | D:1      | Learned a level 3 spell: Conjure Flame
  1314 | D:2      | Reached XP level 4. HP: 31/36 MP: 0/7
  1641 | D:2      | Found a runed door.
  1661 | D:2      | Found a glowing silver altar of Zin.
  1914 | D:2      | Noticed Crazy Yiuf
  1949 | D:2      | Killed Crazy Yiuf
  1976 | D:2      | Killed Sigmund
  1976 | D:2      | Reached skill level 3 in Conjurations
  1976 | D:2      | Reached XP level 5. HP: 36/45 MP: 3/8
  2150 | D:3      | Learned a level 4 spell: Sticky Flame
  2214 | D:3      | Noticed a phantom
  2247 | D:3      | Killed a phantom
  2247 | D:3      | Reached skill level 4 in Conjurations
  2247 | D:3      | Reached XP level 6. HP: 43/52 MP: 0/9
  2483 | D:3      | Found a bloodstained altar of Trog.
  2638 | D:3      | Noticed Mlkhall's ghost (amateur DsWz)
  2659 | D:3      | Killed Mlkhall's ghost
  3063 | D:3      | Found an opulent altar of Gozag.
  3104 | D:4      | Found a deep blue altar of Sif Muna.
  3327 | D:4      | Reached skill level 5 in Fire Magic
  3327 | D:4      | Your scales start taking on a dull iron-grey colour.
  3327 | D:4      | Reached XP level 7. HP: 58/60 MP: 3/10
  3327 | D:4      | Gained mutation: You can survive without breathing. [Grey Draconian growth]
  3334 | D:4      | Found an iron altar of Okawaru.
  3441 | D:4      | Found a glowing drain.
  3450 | Sewer    | Entered a sewer
  4395 | D:4      | Found Reemmace's Assorted Antiques.
  4438 | D:4      | Reached skill level 5 in Fighting
  4439 | D:4      | Identified Sif Muna's Papyrus of Orientation
  4969 | D:5      | Entered Level 5 of the Dungeon
  5080 | D:5      | Found a staircase to the Ecumenical Temple.
  5085 | Temple   | Entered the Ecumenical Temple
  5117 | Temple   | Became a worshipper of Vehumet
  5267 | D:5      | Reached skill level 5 in Conjurations
  5312 | D:4      | Bought an encrusted morningstar for 225 gold pieces
  5312 | D:4      | Identified the cursed +1 morningstar of Uhihohit {drain, rPois rN+} (You bought it in a shop on level 4 of the Dungeon)
  5450 | D:5      | Reached XP level 8. HP: 58/69 MP: 5/12
  5472 | D:5      | Found a burning altar of Makhleb.
  5481 | D:5      | Found a snail-covered altar of Cheibriados.
  5495 | D:5      | Found a shimmering altar of Xom.
  5722 | D:5      | Found an ancient bone altar of Kikubaaqudgha.
  5999 | D:6      | Learned a level 2 spell: Searing Ray
  6194 | D:6      | Reached skill level 6 in Conjurations
  6349 | D:6      | Reached * piety under Vehumet
  6349 | D:6      | Offered knowledge of Sandblast by Vehumet.
  6651 | D:6      | Found a burning altar of Makhleb.
  6651 | D:6      | Noticed a balrug
  6654 | D:6      | Noticed a smoke demon
  6654 | D:6      | Noticed a smoke demon
  7080 | D:7      | Reached XP level 9. HP: 79/79 MP: 9/16
  7176 | D:7      | Found a shimmering altar of Xom.
  7314 | D:7      | Found a sand-covered staircase.
  7319 | Ossuary  | Entered an ossuary
  7453 | Ossuary  | Reached skill level 5 in Spellcasting
  7664 | Ossuary  | Reached ** piety under Vehumet
  7712 | Ossuary  | Offered knowledge of Throw Frost by Vehumet.
  7874 | D:7      | Learned a level 4 spell: Iskenderun's Mystic Blast
  7878 | D:7      | Gained mutation: Your muscles are strong. (Str +2) [potion of mutation]
  7878 | D:7      | Gained mutation: Your flesh is heat resistant. (rF+) [potion of mutation]
  8015 | D:7      | Reached skill level 7 in Conjurations
  8100 | D:7      | Found a sacrificial altar of Ru.
  8603 | D:8      | Noticed Prince Ribbit
  8608 | D:8      | Killed Prince Ribbit
  8711 | D:8      | Noticed Joseph
  8889 | D:8      | Killed Joseph
  8889 | D:8      | Reached skill level 8 in Conjurations
  8943 | D:8      | Noticed Setanta's ghost (novice GrFi)
  9770 | D:8      | Killed Setanta's ghost
  9770 | D:8      | Reached XP level 10. HP: 49/88 MP: 15/20
  9884 | D:8      | Found a white marble altar of Elyvilon.
  9898 | D:8      | Noticed Maurice
  9906 | D:8      | Killed Maurice
 10213 | D:8      | Offered knowledge of Static Discharge by Vehumet.
 10279 | D:8      | Reached skill level 9 in Conjurations
 10402 | D:8      | Learned a level 3 spell: Dazzling Spray
 10458 | D:9      | Noticed a dagger
 10459 | D:9      | Noticed a hand axe
 10459 | D:9      | Found a hide-covered altar of Uskayaw.
 10681 | D:8      | Reached *** piety under Vehumet
 10716 | D:8      | Paralysed by fainting for 7 turns
 11044 | D:9      | Reached skill level 10 in Conjurations
 11070 | D:9      | Offered knowledge of Mephitic Cloud by Vehumet.
 11790 | D:9      | Found a staircase to the Lair.
 11809 | D:9      | Reached XP level 11. HP: 71/94 MP: 20/24
 11887 | D:10     | Entered Level 10 of the Dungeon
 11892 | D:10     | Reached **** piety under Vehumet
 12069 | D:10     | Offered knowledge of Ignite Poison by Vehumet.
 12486 | D:10     | Noticed an orc knight
 12504 | D:10     | Killed an orc knight
 12504 | D:10     | Reached skill level 11 in Conjurations
 12585 | D:10     | Noticed an orc knight
 12641 | D:10     | Killed an orc knight
 13066 | D:10     | Reached skill level 10 in Spellcasting
 13123 | D:10     | Found a roughly hewn altar of Beogh.
 13123 | D:10     | Found a staircase to the Orcish Mines.
 13772 | D:11     | Noticed Josephine
 13790 | D:11     | Killed Josephine
 14145 | D:11     | Reached skill level 12 in Conjurations
 14624 | D:11     | Reached ***** piety under Vehumet
 14624 | D:11     | Offered knowledge of Lightning Bolt by Vehumet.
 14755 | D:11     | Learned a level 5 spell: Lightning Bolt
 14817 | D:11     | Noticed a purple ugly thing
 14833 | D:11     | Killed a purple ugly thing
 15030 | D:11     | Noticed Fannar
 15040 | D:11     | Killed Fannar
 15040 | D:11     | Reached XP level 12. HP: 89/103 MP: 16/26
 15147 | D:11     | Noticed a two-headed ogre
 15152 | D:11     | Noticed a two-headed ogre
 15164 | D:11     | Killed a two-headed ogre
 15166 | D:11     | Killed a two-headed ogre
 15674 | D:12     | Noticed a two-headed ogre
 15687 | D:12     | Killed a two-headed ogre
 15882 | D:12     | Noticed a two-headed ogre
 15896 | D:12     | Killed a two-headed ogre
 16267 | D:12     | Found an iron altar of Okawaru.
 16344 | D:12     | Noticed a centaur warrior
 16356 | D:12     | Noticed a centaur warrior
 16358 | D:12     | Noticed a centaur warrior
 16360 | D:12     | Noticed a centaur warrior
 16364 | D:12     | Killed a centaur warrior
 16371 | D:12     | Killed a centaur warrior
 17162 | D:12     | Killed a centaur warrior
 17265 | D:11     | Got a translucent scimitar {antimagic}
 17266 | D:11     | Identified the +2 scimitar of the Philosopher {antimagic, MR++} (You took it off an orc warrior on level 11 of the Dungeon)
 17418 | D:11     | Killed a centaur warrior
 17418 | D:11     | Reached skill level 10 in Fighting
 17418 | D:11     | Reached skill level 5 in Dodging
 17420 | D:11     | Got an uncursed steaming flail {protect}
 17421 | D:11     | Identified the +9 flail of Eternal War {protect, rN++} (You took it off a centaur warrior on level 11 of the Dungeon)
 18246 | D:12     | Reached skill level 13 in Conjurations
 18320 | D:12     | Got a pair of scorched gloves
 18331 | D:12     | Identified the +2 pair of gloves of Indecent Exposure {Regen+} (You found it on level 12 of the Dungeon)
 18637 | Lair:1   | Entered Level 1 of the Lair of Beasts
 18821 | Lair:1   | Reached XP level 13. HP: 114/114 MP: 9/28
 18950 | Lair:1   | Noticed Jumanji's ghost (journeyman MiFi)
 18962 | Lair:1   | Killed Jumanji's ghost
 19204 | Lair:1   | Offered knowledge of Irradiate by Vehumet.
 20537 | Lair:2   | Noticed Erica
 20589 | Lair:2   | Killed Erica
 21081 | Lair:2   | Found a staircase to the Swamp.
 21761 | Lair:3   | Noticed Snorg
 21778 | Lair:3   | Killed Snorg
 22001 | Lair:2   | Learned a level 5 spell: Irradiate
 22186 | Lair:3   | Reached skill level 14 in Conjurations
 22639 | Lair:4   | Reached XP level 14. HP: 117/125 MP: 4/30
 22908 | Lair:4   | Noticed Nergalle
 22923 | Lair:4   | Killed Nergalle
 23151 | Lair:4   | Offered knowledge of Yara's Violent Unravelling by Vehumet.
 23456 | Lair:4   | Found a hole to the Spider Nest.
 24308 | Lair:5   | Found a staircase to the Slime Pits.
 24700 | Lair:5   | Reached skill level 15 in Conjurations
 25042 | Lair:6   | Entered Level 6 of the Lair of Beasts
 25196 | Lair:6   | Got a twisted dagger
 25300 | Lair:6   | Identified the +5 dagger "Zuytef" {holy, Dex+5} (You found it on level 6 of the Lair of Beasts)
 25956 | Lair:6   | Reached skill level 10 in Dodging
 26195 | Lair:6   | Found a runed door.
 26239 | Lair:6   | Reached XP level 15. HP: 124/134 MP: 28/31
 26296 | Lair:6   | Paralysed by a hornet for 2 turns
 26373 | Lair:6   | Offered knowledge of Spellforged Servitor by Vehumet.
 26856 | Lair:6   | Learned a level 7 spell: Spellforged Servitor
 27042 | Lair:6   | Found a runed door.
 28111 | Lair:6   | Identified a scroll of acquirement
 28355 | Lair:1   | Learned a level 1 spell: Apportation
 28444 | Orc:1    | Entered Level 1 of the Orcish Mines
 28525 | Orc:1    | Reached ****** piety under Vehumet
 28538 | Orc:1    | Reached skill level 1 in Shields
 28614 | Orc:1    | Reached skill level 1 in Long Blades
 28776 | Orc:1    | Found Impi's Antique Armour Shop.
 28834 | Orc:1    | Noticed an orc warlord
 28881 | Orc:1    | Killed an orc warlord
 28907 | Orc:1    | Offered knowledge of Poison Arrow by Vehumet.
 28970 | Orc:1    | Found a frozen archway.
 28988 | IceCv    | Entered an ice cave
 29537 | IceCv    | Reached skill level 16 in Conjurations
 29846 | IceCv    | Noticed a frost giant
 29858 | IceCv    | Killed a frost giant
 29918 | IceCv    | Identified the Catalogue of Attacks
 30328 | Orc:2    | Entered Level 2 of the Orcish Mines
 30334 | Orc:2    | Paralysed by an orc sorcerer for 2 turns
 30437 | Orc:2    | Found a roughly hewn altar of Beogh.
 30505 | Orc:2    | Found Redupn's Magic Scroll Emporium.
 30525 | Orc:2    | Found Tumaipru's Food Shoppe.
 30536 | Orc:2    | Reached skill level 5 in Long Blades
 30619 | Orc:2    | Offered knowledge of Bolt of Fire by Vehumet.
 30975 | Orc:2    | Got a translucent rapier
 30976 | Orc:2    | Identified the +8 rapier "Cikusum" {pierce, rPois rC+ Int+3 Dex+4} (You found it on level 2 of the Orcish Mines)
 31313 | Orc:2    | Got a flickering golden ring
 31315 | Orc:2    | Identified the ring "Raanlur" {rCorr Str+4 Dex+2} (You found it on level 2 of the Orcish Mines)
 31462 | Orc:2    | Found a staircase to the Elven Halls.
 31689 | Orc:2    | Noticed an orc warlord
 31716 | Orc:2    | Killed an orc warlord
 32045 | Orc:2    | Found Kanaph's Assorted Antiques.
 32059 | Orc:2    | Bought a scroll of enchant weapon for 180 gold pieces
 32059 | Orc:2    | Bought a dented bronze amulet for 120 gold pieces
 32076 | Orc:2    | Found a roughly hewn altar of Beogh.
 32100 | Orc:2    | Offered knowledge of Ozocubu's Refrigeration by Vehumet.
 32268 | Orc:2    | Reached XP level 16. HP: 128/143 MP: 33/33
 32280 | Orc:2    | Found Heaphy Rair's Gadget Shop.
 32547 | Orc:2    | Bought a scroll of acquirement for 884 gold pieces
 32548 | Orc:2    | Got a smoking hat
 32554 | Orc:2    | Identified the +4 hat "Xugesul" {rN+ rCorr} (You acquired it on level 2 of the Orcish Mines)
 32907 | D:13     | Noticed Nessos
 33141 | D:13     | Killed Nessos
 33313 | D:13     | Found an iron altar of Okawaru.
 33321 | D:13     | Found a runed door.
 33323 | D:13     | Found a hide-covered altar of Uskayaw.
 33373 | D:13     | Found a sacrificial altar of Ru.
 33400 | D:13     | Found a deep blue altar of Sif Muna.
 33415 | D:13     | Found a bloodstained altar of Trog.
 33456 | D:13     | Found a deep blue altar of Sif Muna.
 33499 | D:13     | Got a bloodstained mace
 33500 | D:13     | Identified the +5 mace "Ysatt" {drain, rElec rPois} (You found it on level 13 of the Dungeon)
 33719 | D:13     | Noticed Sonja
 33722 | D:13     | Noticed Azrael
 33832 | D:13     | Offered knowledge of Shatter by Vehumet.
 33832 | D:13     | Offered knowledge of Tornado by Vehumet.
 33832 | D:13     | Offered knowledge of Ignition by Vehumet.
 33883 | D:13     | Killed Azrael
 33892 | D:13     | Killed Sonja
 34049 | D:13     | Found a gate to the Vaults.
 34405 | D:14     | Reached skill level 10 in Long Blades
 35715 | D:15     | Entered Level 15 of the Dungeon
 35874 | D:15     | Learned a level 8 spell: Lehudib's Crystal Spear
 35928 | D:15     | Reached skill level 1 in Earth Magic
 36225 | D:15     | Found a runed door.
 36920 | D:15     | Noticed a storm dragon
 36920 | D:15     | an entropy weaver changed into a storm dragon
 36921 | D:15     | a storm dragon changed into a six-headed hydra
 37061 | D:15     | Found a staircase to the Depths.
 37909 | D:9      | Reached skill level 5 in Earth Magic
 38040 | Swamp:1  | Entered Level 1 of the Swamp
 38381 | Swamp:1  | Reached XP level 17. HP: 149/149 MP: 27/35
 39025 | Swamp:2  | Noticed Kirke
 39061 | Swamp:2  | HP: 7/149 [poison (poison gas)]
 39063 | Swamp:2  | Succumbed to poison (poison gas)

Skill      XL: |  1  2  3  4  5  6  7  8  9 10 11 12 13 14 15 16 17 |
---------------+----------------------------------------------------+-----
Fighting       | 1 2 3 4 5 7 8 10 11 12 13 | 13.0
Conjurations   | 2 3 4 5 6 8 10 12 13 14 15 16 | 16.1
Fire Magic     | 4 5 6 |  6.0
Spellcasting   | 3 4 7 9 10 11 12 13 14 | 14.0
Dodging        | 2 5 7 10 | 10.6
Shields        | 4 |  4.0
Long Blades    | 7 11 12 | 12.0
Earth Magic    | 5 6 |  6.3
Stealth        | |  1.7

Action                   |  1- 3 |  4- 6 |  7- 9 | 10-12 | 13-15 | 16-18 || total
-------------------------+-------+-------+-------+-------+-------+-------++-------
Melee: Whip              |    40 |       |       |       |       |       ||    40
       Tailslap          |     8 |     8 |    56 |    44 |   109 |    93 ||   318
       Spear             |    58 |    36 |       |       |       |       ||    94
       Quarterstaff      |       |    45 |   113 |     7 |       |       ||   165
       Scythe            |       |    14 |       |       |       |       ||    14
       Halberd           |       |       |    45 |     7 |       |       ||    52
       Morningstar       |       |       |   256 |   469 |   138 |       ||   863
       Flail             |       |       |       |    41 |   289 |       ||   330
       Demon blade       |       |       |       |       |   472 |   564 ||  1036
       Trident           |       |       |       |       |    38 |       ||    38
       Rapier            |       |       |       |       |     5 |       ||     5
       Staff             |       |       |       |       |       |    14 ||    14
Throw: Throwing net      |       |       |       |       |     1 |       ||     1
 Cast: Flame Tongue      |    23 |    12 |   164 |   297 |   436 |    86 ||  1018
       Conjure Flame     |       |     4 |     5 |    15 |    25 |    10 ||    59
       Sticky Flame      |       |       |    19 |    92 |   218 |    84 ||   413
       Iskenderun's Myst |       |       |       |    34 |    71 |    16 ||   121
       Dazzling Spray    |       |       |       |    15 |    41 |    22 ||    78
       Searing Ray       |       |       |       |     1 |     2 |     4 ||     7
       Irradiate         |       |       |       |       |     4 |     2 ||     6
       Lightning Bolt    |       |       |       |       |    12 |    30 ||    42
       Apportation       |       |       |       |       |       |     1 ||     1
Evoke: Wand              |       |       |       |       |       |     1 ||     1
  Use: Scroll            |       |       |     7 |     7 |    26 |     5 ||    45
       Potion            |       |       |     2 |       |     2 |     4 ||     8
 Stab: Sleeping          |     4 |     1 |     1 |     3 |     1 |     1 ||    11
       Distracted        |       |       |       |     1 |       |     1 ||     2
       Invisible         |       |       |       |       |     3 |     2 ||     5
  Eat: Chunk             |     2 |     7 |    23 |    18 |    39 |    18 ||   107
       Fruit             |       |       |     4 |     3 |     2 |     4 ||    13
       Royal jelly       |       |       |       |     3 |     2 |       ||     5
       Bread ration      |       |       |       |     1 |       |     1 ||     2
       Meat ration       |       |       |       |     2 |       |       ||     2
Armor: Skin              |    28 |    21 |   299 |   601 |   781 |   258 ||  1988
Dodge: Dodged            |    65 |    35 |   384 |   857 |  1417 |   535 ||  3293
Block: Buckler           |       |       |       |       |   121 |   135 ||   256
       Rpst.: Demon blade |       |       |       |       |   140 |   120 ||   260
